 Dungeon Crawl Stone Soup version 0.30-a0-738-g116ff8c4af (webtiles) character file.

Game seed: 10330624541939782380

319 MachoJfn the Conjurer (level 6, 0/33 HPs)
             Began as a Kobold Conjurer on Feb 3, 2023.
             Killed by divine providence
             ... invoked by an orc priest
              (13 damage)
             ... on level 4 of the Dungeon.
             The game lasted 00:11:40 (3396 turns).

MachoJfn the Conjurer (Kobold Conjurer)             Turns: 3396, Time: 00:11:41

Health: 0/33       AC:  4    Str:  7    XL:     6   Next: 75%
Magic:  10/12      EV: 15    Int: 22    God:
Gold:   125        SH:  0    Dex: 13    Spells: 12/13 levels left

rFire   . . .      SeeInvis .    f - +4 whip "Murmur" {venom, Str+3}
rCold   . . .      Faith    .    (no shield)
rNeg    . . .      Spirit   .    q - +0 robe {Will+}
rPois   .          Reflect  .    (no helmet)
rElec   .          Harm     .    r - +0 cloak
rCorr   .          Rampage  .    (no gloves)
Will    +....                    p - +0 pair of boots
Stlth   +++                      (no amulet)
HPRegen 0.25/turn                j - ring of flight
MPRegen 0.13/turn                (no ring)

@: flying
A: small, no large weapons, nightstalker 3
a: no special abilities


You were on level 4 of the Dungeon.
You visited 1 branch of the dungeon, and saw 4 of its levels.

You collected 125 gold pieces.

Inventory:

Hand Weapons
 f - the +4 whip "Murmur" (weapon) {venom, Str+3}
   (You took it off Sigmund on level 2 of the Dungeon)

   Str:       It affects your strength (+3).
Armour
 p - a +0 pair of boots (worn)
 q - a +0 robe of willpower (worn)
 r - a +0 cloak (worn)
Jewellery
 j - a ring of flight (left hand)
Wands
 t - a wand of flame (24)
Scrolls
 a - a scroll of teleportation
 c - a scroll of fear {unknown}
 h - a scroll of identify {unknown}
 i - a scroll of noise {unknown}
 k - a scroll of enchant weapon {unknown}
 m - a scroll of magic mapping {unknown}
 n - a scroll of fog {unknown}
Potions
 b - a potion of magic
 d - 4 potions of flight
 e - a potion of lignification {unknown}
 g - 2 potions of invisibility
 l - a potion of ambrosia {unknown}
 o - 3 potions of curing {unknown}
 s - a potion of resistance {unknown}


   Skills:
 + Level 0.6 Fighting
 + Level 0.2 Short Blades
 + Level 3.1 Dodging
 + Level 3.6 Stealth
 + Level 4.3 Spellcasting
 + Level 5.9 Conjurations


You had 12 spell levels left.
You knew the following spells:

 Your Spells              Type           Power      Damage    Failure   Level
a - Magic Dart            Conj           100%       1d8       1%          1

Your spell library contained the following spells:

 Spells                   Type           Power      Damage    Failure   Level
 Searing Ray              Conj           60%        2d6       1%          2
 Dazzling Flash           Conj/Hex       34%        N/A       10%         3
 Fulminant Prism          Conj/Hex       8%         3d7       32%         4
 Iskenderun's Mystic Bla  Conj/Tloc      17%        2d5       32%         4


Dungeon Overview and Level Annotations

Branches:
Dungeon (4/15)
 Temple: D:4-7

Altars:
Sif Muna

Annotations:
D:4 1 transporter


Innate Abilities, Weirdness & Mutations

You are small and have problems with some larger weapons.
You are completely attuned to the shadows.


Message History

The orc priest miscasts a cantrip.
Aiming: Throw Flame
Press: ? - help, Q - select action, (/) - cycle Shift-Dir - straight line, f/p - kobold demonologist
Aim: a kobold demonologist, wielding a +2 dagger of electrocution and wearing a +0 robe (moderately wounded, 56% to hit)
The puff of flame misses the kobold demonologist.
The shadow imp gestures at you. Pain shoots through your body!
Aiming: Throw Flame
Press: ? - help, Q - select action, (/) - cycle Shift-Dir - straight line, f/p - kobold demonologist
Aim: a kobold demonologist, wielding a +2 dagger of electrocution and wearing a +0 robe (moderately wounded, 56% to hit)
The puff of flame hits the kobold demonologist.
The kobold demonologist is moderately wounded.
The kobold demonologist looks braver for a moment.
The orc priest looks braver for a moment.
The shadow imp shouts, "Remove thy stench, thou pottle-deep base-court bladder!"
The shadow imp gestures at you. You resist with some effort.
The shadow imp lashes its tail.
The orc priest invokes the aid of Beogh against you.
You resist with some effort.
Casting: Magic Dart (safe; 1% risk of failure)
Confirm with . or Enter, or press ? or * to list all spells.
Aiming: Magic Dart (safe; 1% risk of failure)
Press: ? - help, Shift-Dir - straight line, f/p - kobold demonologist
Aim: a kobold demonologist, wielding a +2 dagger of electrocution and wearing a +0 robe (moderately wounded, 100% to hit)
The magic dart hits the kobold demonologist.
The kobold demonologist is moderately wounded.
The kobold demonologist mumbles some strange words.
The orc priest invokes the aid of Beogh against you.
Pain shoots through your body!
Casting: Magic Dart (safe; 1% risk of failure)
Confirm with . or Enter, or press ? or * to list all spells.
Aiming: Magic Dart (safe; 1% risk of failure)
Press: ? - help, Shift-Dir - straight line, f/p - kobold demonologist
Aim: a kobold demonologist, wielding a +2 dagger of electrocution and wearing a +0 robe (moderately wounded, 100% to hit)
The magic dart hits the kobold demonologist.
The kobold demonologist is moderately wounded.
The orc priest calls down the wrath of Beogh upon you.
Beogh smites you!
You die...

###### .....####
...######## ####..<.#
#..#8P#o5o. #~8#.##.#
#..#P.#≈≈≈≈ #.P#.##.#
..##..#..#..~~ #.$#....)
#.#..©#©.@..~♣ +[©#©...#
......#..#..~~~..#.$#..#.#
......#P.#≈3≈≈≈≈≈#.P#....#
#.##..#8P#K5.....#~8#.####
#.....###############.#
####..................#
#.##.##.############
.........# ####.#####


You could see a kobold demonologist, a smoke demon (summoned), 2 orc priests and
2 shadow imps.

Vanquished Creatures
  Sigmund (D:2)
  Jessica (D:2)
  A gnoll (D:1)
  5 adders
  A dart slug (D:1)
  4 orcs (D:2)
  3 bats
  4 endoplasms
  2 giant cockroaches
  9 goblins
  6 hobgoblins
  A jackal (D:2)
  A quokka (D:1)
  7 ball pythons
  12 frilled lizards
  7 kobolds
  5 rats
70 creatures vanquished.

Vanquished Creatures (others)
  8 plants (D:1)
8 creatures vanquished.

Grand Total: 78 creatures vanquished

Notes
Turn   | Place    | Note
-------+----------+-------------------------------------------
     0 | D:1      | MachoJfn the Kobold Conjurer began the quest for the Orb.
     0 | D:1      | Reached XP level 1. HP: 10/10 MP: 3/3
   224 | D:1      | Reached XP level 2. HP: 15/15 MP: 1/5
   811 | D:1      | Reached XP level 3. HP: 19/19 MP: 3/6
  1504 | D:2      | Reached XP level 4. HP: 24/24 MP: 6/8
  1792 | D:2      | Noticed Jessica
  1795 | D:2      | Killed Jessica
  1796 | D:2      | Reached skill level 5 in Conjurations
  1981 | D:2      | Identified the +4 whip "Murmur" {venom, Str+3}
  1981 | D:2      | Noticed Sigmund
  1983 | D:2      | Reached XP level 5. HP: 21/28 MP: 2/9
  1998 | D:2      | Killed Sigmund
  1999 | D:2      | Reached XP level 6. HP: 24/33 MP: 0/12
  3118 | D:3      | Found a shimmering blue altar of Sif Muna.
  3351 | D:4      | Found a transporter.
  3368 | D:4      | Noticed a kobold demonologist
  3379 | D:4      | Found a transporter.
  3396 | D:4      | Noticed a smoke demon
  3396 | D:4      | Killed from afar by an orc priest

Illustrated notes

Levels and vault maps discovered:
D:1:      eino_arrival_druids_welcome, layout_basic, minmay_lizard_king
D:2:      layout_loops_ring, uniq_jessica, uniq_sigmund
D:3:      layout_basic, nicolae_overflow_hidden_temple,
          amcnicky_mini_rare_corridor_liquid, chequers_serial_rivers_large_a
D:4:      gammafunk_wand_slinger, layout_loops_cross,
          lightli_ossuary_entry_decrepit_ruins, item_on_display_a, uniq_duvessa

Skill      XL: |  1  2  3  4  5 |
---------------+----------------+-----
Spellcasting   | 3 4 |  4.3
Conjurations   | 5 |  5.9
Dodging        | 3 |  3.1
Stealth        | 3 |  3.6
Fighting       | |  0.6
Short Blades   | |  0.2

Action                     |  1- 3 |  4- 6 || total
---------------------------+-------+-------++-------
  Melee: Unarmed           |     4 |       ||     4
         Dagger            |    19 |    12 ||    31
         Spear             |     7 |       ||     7
         Whip              |       |    17 ||    17
   Cast: Magic Dart        |    57 |    67 ||   124
  Evoke: Wand              |       |     5 ||     5
    Use: Potion            |     1 |     1 ||     2
         Scroll            |       |     1 ||     1
   Stab: Sleeping          |     1 |     1 ||     2
 Armour: Robe              |     4 |     7 ||    11
  Dodge: Dodged            |    22 |    18 ||    40

Table legend: (Time is in decaauts)
 A = Elapsed time spent in this place.
 B = Non-inter-level travel time spent in this place.
 C = Inter-level travel time spent in this place.
 D = Time resting spent in this place.
 E = Time spent auto-exploring this place.
 F = Levels seen in this place.
 G = Mean time per level.
                   A        B        C        D        E       F      G
               +--------+--------+--------+--------+--------+-----+--------+
         Total |   3402 |   2981 |    421 |    303 |   2267 |   4 |  850.5 |
       Dungeon |   3402 |   2981 |    421 |    303 |   2267 |   4 |  850.5 |
               +--------+--------+--------+--------+--------+-----+--------+

Top non-repeatable levels by time:
     D:1: 1303 daAuts
     D:2: 1114 daAuts
     D:3: 938 daAuts
     D:4: 45 daAuts
